 Dungeon Crawl Stone Soup version 0.18-a0-1577-gf591c28 (webtiles) character file.

136075 M4edhros the Prestidigitator (level 16, -5/104 HPs)
             Began as a Mummy Chaos Knight on Mar 17, 2016.
             Was an Elder of Cheibriados.
             Blown up by an orb spider (48 damage)
             ... with an orb of destruction
             ... on level 3 of the Spider Nest.
             The game lasted 02:00:46 (169634 turns).

M4edhros the Prestidigitator (Mummy Chaos Knight) Turns: 169634, Time: 02:00:46

Health: -5/104     AC: 25    Str: 28    XL:     16   Next: 65%
Magic:  36/36      EV: 21    Int: 32    God:    Cheibriados [****..]
Gold:   403        SH:  6    Dex: 23    Spells: 5 memorised, 9 levels left

rFire  . . .     SeeInvis +     b - +8 trident of Honour {pierce, rF+}
rCold  + . .     Gourm    .     Y - +10 plate armour {ponderous}
rNeg   + + +     Faith    .     l - +0 buckler
rPois  ∞         Spirit   .     m - +3 hat of Pondering {ponderous, MR+ MP+10 Int+5}
rElec  +         Dismiss  .     V - +1 cloak
rCorr  .         Reflect  .     U - +1 pair of gloves
SustAt .         Harm     .     g - +2 pair of boots of Contentment {rElec Int+3 Slay+5}
MR     +++..                    G - amulet of regeneration
Stlth  +.........               o - ring of Shadows {Umbra +Inv rN+ SInv}
                                f - +4 ring of evasion

@: corroded equipment, wreathed by umbra, very slow, extremely resistant to
hostile enchantments, very unstealthy
A: no food or potions, fire vulnerability, cold resistance 1, negative energy
resistance 3, torment resistance, unbreathing, in touch with death 1, restore
body
a: Self-Restoration, Bend Time, Temporal Distortion, Slouch, Renounce Religion,
Evoke Invisibility


You were on level 3 of the Spider Nest.
You worshipped Cheibriados.
Cheibriados was greatly pleased with you.
You were not hungry.

You visited 7 branches of the dungeon, and saw 31 of its levels.
You also visited: Labyrinth and Ossuary.

You collected 10984 gold pieces.
You spent 2078 gold pieces at shops.
You paid 8503 gold pieces to Gozag.

Inventory:

Hand Weapons
 b - the +8 trident of Honour (weapon) {pierce, rF+}
   (You bought it in a shop on level 8 of the Dungeon)

   It inflicts extra damage upon your enemies.
   It protects you from fire.
 p - a +4 glaive of venom
Armour
 g - the +2 pair of boots of Contentment (worn) {rElec Int+3 Slay+5}
   (You bought it in a shop on level 13 of the Dungeon)

   It affects your intelligence (+3).
   It affects your accuracy and damage with ranged weapons and melee attacks
   (+5).
   It insulates you from electricity.
 l - a +0 buckler (worn)
 m - the +3 hat of Pondering (worn) {ponderous, MR+ MP+10 Int+5}
   (You found it in a labyrinth)

   It affects your intelligence (+5).
   It affects your resistance to hostile enchantments.
   It affects your magic capacity (+10).
 U - a +1 pair of gloves (worn)
 V - a +1 cloak (worn)
 Y - a +10 plate armour of ponderousness (worn)
Magical Staves
 F - an uncursed staff of poison
Rods
 a - a +9 rod of inaccuracy (15/15)
   (Xom gifted it to you in the Ecumenical Temple)
 e - a +4 rod of shadows (3/13)
   (You took it off a minotaur in a labyrinth)
 q - a +3 rod of ignition (12/12)
   (Xom gifted it to you in the Ecumenical Temple)
 t - a +6 rod of clouds (11/15)
   (Xom gifted it to you in the Ecumenical Temple)
 y - a +3 rod of shadows (4/13)
   (You found it in a labyrinth)
 L - a +2 rod of clouds (9/9)
   (Xom gifted it to you in the Ecumenical Temple)
Jewellery
 f - a +4 ring of evasion (left hand)
 j - an uncursed ring of wizardry
 o - the ring of Shadows (right hand) {Umbra +Inv rN+ SInv}
   (You found it on level 4 of the Dungeon)

   [ring of positive energy]

   It protects you from negative energy.
   It lets you see invisible.
   It lets you turn invisible.
 C - the ring of Okhuff {Wiz MR+ Str+3}
   (Xom gifted it to you in the Ecumenical Temple)

   [ring of wizardry]

   It improves your spell success rate.
   It affects your strength (+3).
   It affects your resistance to hostile enchantments.
 G - an amulet of regeneration (around neck)
 K - an uncursed ring of stealth
 O - the ring "Nuejoco" {rF+ Stlth+}
   (Xom gifted it to you in the Ecumenical Temple)

   [ring of stealth]

   It protects you from fire.
   It makes you more stealthy.
 P - the ring of Xanueclyo {Dex+7 SInv}
   (Xom gifted it to you in the Ecumenical Temple)

   [ring of see invisible]

   It affects your dexterity (+7).
   It lets you see invisible.
Wands
 d - a wand of heal wounds (0/9)
 i - a wand of flame (27/48)
 s - a wand of lightning (7/15)
 u - a wand of paralysis (0/24)
 v - a wand of slowing (9/48)
 w - a wand of teleportation (4/9)
 x - a wand of acid (0/15)
 A - a wand of heal wounds (3/9)
 H - a wand of iceblast (0/15)
 J - a wand of disintegration (9/24)
 M - a wand of lightning (10/15)
 N - a wand of digging (6/24)
 W - a wand of enslavement (5/24)
 X - a wand of hasting (3/9)
Scrolls
 k - a scroll of magic mapping
 n - 4 scrolls of enchant weapon
 r - 6 scrolls of enchant armour
 I - 5 scrolls of fog
 R - a scroll of blinking
 T - 2 scrolls of teleportation
Books
 c - a book of Hinderance

   Spells                             Type                      Level
   a - Confusing Touch                Hexes                        2
   b - Confuse                        Hexes                        3
   c - Gell's Gravitas                Hexes/Translocation          3
   d - Petrify                        Transmutation/Earth          4
   e - Metabolic Englaciation         Hexes/Ice                    5
   f - Yara's Violent Unravelling     Hexes/Transmutation          5
 S - a book of Geomancy

   Spells                             Type                      Level
   a - Sandblast                      Earth                        1
   b - Passwall                       Transmutation/Earth          2
   c - Stone Arrow                    Conjuration/Earth            3
   d - Petrify                        Transmutation/Earth          4
   e - Lee's Rapid Deconstruction     Earth                        5
Miscellaneous
 h - a fan of gales
 B - a lamp of fire
 D - a phantom mirror
 E - a stone of tremors
 Q - a phial of floods


   Skills:
 - Level 3.0 Fighting
 - Level 10.0 Polearms
 * Level 5.7 Armour
 - Level 11.6 Dodging
 - Level 11.1 Stealth
 * Level 3.7 Shields
 + Level 4.7 Spellcasting
 + Level 2.9 Hexes
 - Level 5.5 Charms
 - Level 7.3 Ice Magic
 + Level 13.6 Evocations


You had 9 spell levels left.
You knew the following spells:

 Your Spells              Type           Power        Failure   Level  Hunger
a - Mephitic Cloud        Conj/Pois/Air  #.......     99%         3    N/A
b - Ozocubu's Armour      Chrm/Ice       #####...     14%         3    N/A
c - Corpse Rot            Necr           N/A          86%         2    N/A
d - Fulminant Prism       Conj/Hex       ###.......   100%        4    N/A
e - Gell's Gravitas       Hex/Tloc       ###.......   88%         3    N/A

Dungeon Overview and Level Annotations

Branches:
Dungeon (15/15)            Temple (1/1) D:6            Lair (8/8) D:10
 Shoals (1/4) Lair:5       Spider (3/4) Lair:3        Slime (0/6) Lair:8
    Orc (2/2) D:12            Elf (0/3) Orc:2        Vaults (0/5) D:14
 Depths (1/5) D:15

Altars:
Ashenzari
Cheibriados
Dithmenos
Elyvilon
Fedhas
Gozag
Kikubaaqudgha
Makhleb
Nemelex Xobeh
Okawaru
Pakellas
Qazlal
Ru
Sif Muna
Trog
Vehumet
Xom
Yredelemnul
Zin
The Shining One
Beogh

Shops:
D:5 }*   D:7 (   D:8 ((   D:9 :*((?   D:10 %!!   D:12 [   D:13 [   D:15 *
Orc:2 :?}!(   Lair:4 [   Lair:7 [   Spider:1 (

Portals:
Trove: D:15 (give 6 scrolls of blinking)

Annotations:
D:4 crauler's ghost, novice OgTm


Innate Abilities, Weirdness & Mutations

You do not eat or drink.
Your flesh is vulnerable to fire.
You are immune to poison.
Your flesh is cold resistant.
You are immune to negative energy.
You are immune to unholy pain and torment.
You can survive without breathing.
You are in touch with the powers of death.
You can restore your body by infusing magical energy.


Message History

r - Retreat! s - Stop attacking. w - Wait here. f - Follow me.
Anything else - Stay silent.
Gang up on whom?
Press: ? - help, Dir - move target cursor, f - orb spider
Aim: an orb spider (moderately wounded, fully charged, umbra) Attack!
You hear a hideous shriek!
Your centaur warrior shoots an arrow.
The arrow hits the orb spider!!
The arrow dissolves into shadows!
The orb spider weaves a glowing orb of energy.
Your centaur warrior shoots an arrow.
The arrow hits the orb spider!
The orb spider dies!
Cheibriados thoroughly appreciates the change of pace.
The arrow dissolves into shadows!
An orb of destruction comes into view.
Your centaur warrior dissolves into shadows!
The orb of destruction hits you!
You die...
Xom thinks this is hilarious!

#^....^. #..#....## ..
#...... #..#......
^..#...... #####.........
..§#§.... #.^.#.........
..§§§§.†.###...#.......#.
..§§§..§##..=..#.......#^
#.§§§§§§#^...###...######
#..§§§§...†##...........
.###^.†.@.###............
.........##.....##.......
.................#.......
##..............####...^.
#...........#####..#####^
...###..........^.. ##
..##...^...........
.##....#...........
#.....#.........#


There were no monsters in sight!

Vanquished Creatures
  Arachne (Spider:2)
  The ghost of crauler the Fighter, a journeyman OgTm of Ashenzari (Orc:2)
  A ghost moth (Spider:1)
  A dire elephant (D:15)
  A spark wasp (Spider:1)
  A minotaur (Lab)
  A vault guard (D:14)
  Josephine (D:12)
  An ettin (Depths:1)
  A rakshasa (D:15)
  9 hydras
  3 centaur warriors
  3 catoblepae (Lair:8)
  12 death yaks
  5 ogre magi
  Nergalle (Orc:2)
  8 skeletal warriors
  2 unseen horrors (D:15)
  A hell knight (D:15)
  A wizard (D:15)
  Pikel (D:6)
  7 hill giants
  A necromancer (Depths:1)
  10 orb spiders
  A deep elf mage (D:13)
  5 cyclopes
  16 wolf spiders
  A frost giant zombie (Depths:1)
  7 orc sorcerers (Orc:2)
  5 ugly things
  2 moths of wrath (Spider:2)
  2 manticores
  A griffon (Lair:6)
  4 elephants (Lair:5)
  4 hornets
  An octopode (shapeshifter) (D:15)
  A stone giant skeleton (Depths:1)
  5 black mambas
  A torpor snail (Spider:2)
  2 gargoyles
  10 spiny frogs
  7 komodo dragons
  7 rime drakes
  7 demonic crawlers
  A merfolk (D:15)
  27 jumping spiders
  6 trolls
  4 two-headed ogres
  A boulder beetle (Lair:5)
  25 blink frogs
  3 slime creatures (D:14)
  A minotaur skeleton (Lab)
  A deep troll zombie (Depths:1)
  A water elemental (Lair:5)
  4 shadows
  A centaur simulacrum (D:14)
  51 redbacks
  3 wraiths (D:12)
  53 yaks
  18 tarantellas
  A wyvern (D:11)
  6 hippogriffs
  2 steam dragons
  2 basilisks
  6 hungry ghosts
  4 vampire mosquitoes (D:14)
  3 wargs
  A spatial vortex (Lair:7)
  14 water moccasins
  8 porcupines
  2 soldier ants
  3 hell hounds (D:15)
  A wasp (D:14)
  13 orc warriors
  An eye of draining (D:13)
  An ice dragon simulacrum (Depths:1)
  3 phantoms
  A boggart (D:5)
  2 ice beasts
  23 ogres
  4 sky beasts
  3 black bears
  18 wolves
  12 centaurs
  13 crocodiles
  An elf zombie (Ossuary)
  19 giant frogs
  A wyvern zombie (D:11)
  A gnoll sergeant (D:11)
  Blork the orc (D:5)
  A scorpion (D:11)
  A water moccasin skeleton (D:4)
  7 wights (D:13)
  A howler monkey (D:9)
  2 electric eels (Lair:7)
  4 crimson imps
  A giant frog zombie (D:5)
  31 orc wizards
  5 quasits
  4 hounds
  2 human zombies (Ossuary)
  16 orc priests
  Crazy Yiuf (D:6)
  A giant frog skeleton (D:8)
  4 centaur skeletons
  11 iguanas
  6 worker ants
  2 big kobold zombies (Ossuary)
  31 sheep
  3 hound zombies
  A hound skeleton (D:4)
  A howler monkey zombie (D:6)
  4 mummies (Ossuary)
  A worker ant zombie (D:11)
  A howler monkey skeleton (D:4)
  4 gnolls (D:11)
  10 adders
  55 river rats
  6 shadow imps
  3 oozes
  An adder skeleton (D:8)
  2 adder zombies
  4 worms
  2 dart slugs
  5 giant geckos
  51 orcs
  6 giant cockroaches
  8 goblins
  5 hobgoblins
  19 jackals
  8 kobolds
  6 quokkas
  16 bats
  2 giant newts
  3 hobgoblin zombies (Ossuary)
  A jackal zombie (Ossuary)
  An orc zombie (Ossuary)
  2 quokka skeletons
  21 rats
  4 fire vortices
  2 fungi
922 creatures vanquished.

Vanquished Creatures (collateral kills)
  Rupert (Spider:1)
  Harold (Lair:4)
  An entropy weaver (Spider:3)
  2 death yaks (Lair:8)
  Urug (D:11)
  A skeletal warrior (D:12)
  A hill giant (D:14)
  A wolf spider zombie (D:15)
  3 wolf spiders
  8 orb spiders
  A moth of wrath (Spider:3)
  A slime creature (D:15)
  A spriggan zombie (Depths:1)
  A jumping spider (Spider:3)
  A troll (D:14)
  3 demonic crawlers
  A two-headed ogre (D:15)
  6 redbacks
  5 tarantellas
  A black bear (D:7)
  5 ogres (D:15)
  A phantom (D:7)
  5 wolves (Lair:4)
  3 sheep (Lair:8)
  7 orcs
  A giant cockroach (D:7)
63 creatures vanquished.

Vanquished Creatures (others)
  A crimson imp (D:6)
  An orc wizard (Orc:2)
  A hound (D:6)
  A giant frog skeleton (D:9)
  A shadow imp (D:15)
  A ball lightning (Temple)
  A jackal (D:3)
  A fire vortex (Temple)
  11 fungi
  4 plants (Lair:8)
23 creatures vanquished.

Grand Total: 1008 creatures vanquished

Notes
Turn   | Place    | Note
--------------------------------------------------------------
     0 | D:1      | M4edhros the Mummy Chaos Knight began the quest for the Orb.
     0 | D:1      | Reached XP level 1. HP: 18/18 MP: 1/1
    67 | D:1      | Reached XP level 2. HP: 2/24 MP: 2/2
    72 | D:1      | HP: 1/24 [something (2)]
   369 | D:1      | XOM: harmless Chrm miscast
   712 | D:2      | Found a shadowy altar of Dithmenos.
   760 | D:2      | Reached XP level 3. HP: 21/29 MP: 3/3
   772 | D:2      | XOM: harmless Pois miscast
   773 | D:2      | HP: 1/29 [jackal (1)]
  1079 | D:2      | XOM: silly message
  1103 | D:2      | XOM: harmless Necr miscast
  1187 | D:2      | XOM: divination: detect creatures
  1191 | D:2      | XOM: silly message
  1352 | D:2      | Found a bloodstained altar of Trog.
  1494 | D:3      | Reached XP level 4. HP: 26/35 MP: 4/4
  1506 | D:3      | XOM: mild Fire miscast
  1532 | D:3      | XOM: god gift: plate armour {god gift}
  1563 | D:3      | XOM: harmless Ice miscast
  1716 | D:3      | Found a sacrificial altar of Ru.
  1994 | D:3      | XOM: colour smoke trail
  2029 | D:3      | Reached XP level 5. HP: 41/41 MP: 5/5
  2037 | D:3      | XOM: chaos upgrade
  2049 | D:3      | Reached skill level 5 in Polearms
  2190 | D:4      | XOM: confuse monster(s)
  2201 | D:4      | XOM: harmless Erth miscast
  2216 | D:4      | Noticed an ogre
  2234 | D:4      | Killed an ogre
  2234 | D:4      | Reached XP level 6. HP: 33/47 MP: 6/6
  2790 | D:4      | XOM: medium Tloc miscast
  2791 | D:4      | Noticed a spatial vortex
  2998 | D:4      | XOM: god gift: scroll labeled JUYROX XYUF
  3074 | D:4      | XOM: harmless Conj miscast
  3293 | D:4      | Noticed crauler's ghost (novice OgTm)
  3939 | D:3      | Reached XP level 7. HP: 47/52 MP: 7/7
  4272 | D:5      | Entered Level 5 of the Dungeon
  4277 | D:5      | Noticed Blork the orc
  4289 | D:5      | Killed Blork the orc
  4315 | D:5      | Found Fyoskeek's Quality Used Wands.
  4319 | D:5      | XOM: summons friendly shadow imp
  4574 | D:5      | XOM: polymorph ogre -> boggart
  4589 | D:5      | Found Usuphepn's Assorted Antiques.
  4829 | D:6      | XOM: harmless Erth miscast
  4953 | D:6      | XOM: vitrification
  5067 | D:6      | XOM: stat loss: -1 Int (10/11)
  5411 | D:5      | Reached XP level 8. HP: 47/58 MP: 8/8
  5511 | D:6      | Found a staircase to the Ecumenical Temple.
  5519 | D:6      | Found a sparkling altar of Nemelex Xobeh.
  5522 | Temple   | Entered the Ecumenical Temple
  5760 | Temple   | XOM: god gift: robe {god gift}
  5816 | Temple   | XOM: 1-stop teleportation journey
  6363 | Temple   | XOM: god gift: 42 gold pieces
  7297 | Temple   | XOM: god gift: gnarled runed rod {god gift}
  7399 | Temple   | Identified a +3 rod of ignition (12/12) (Xom gifted it to you in the Ecumenical Temple)
  7405 | Temple   | XOM: 1-stop teleportation journey
  8241 | Temple   | XOM: medium Air miscast
  8289 | Temple   | XOM: harmless Hex miscast
  8656 | Temple   | XOM: silly message
  8705 | Temple   | XOM: colour smoke trail
  9484 | Temple   | XOM: silly message
  9509 | Temple   | XOM: noise
  9552 | Temple   | XOM: colour smoke trail
  9898 | Temple   | XOM: vitrification
 10425 | Temple   | XOM: summons 3 hostile demons
 10426 | Temple   | Noticed a smoke demon
 10468 | D:6      | XOM is BORED!
 10468 | D:6      | XOM: noise
 10561 | Temple   | XOM: god gift: glowing short sword {god gift}
 10733 | Temple   | XOM: god gift: 600 gold pieces
 11212 | Temple   | XOM: divination: detect creatures
 11514 | Temple   | XOM: 1-stop teleportation journey
 11760 | Temple   | XOM: cast spell 'Summon Butterflies'
 12144 | Temple   | XOM: god gift: quarterstaff {god gift}
 12267 | Temple   | XOM: colour smoke trail
 12395 | Temple   | XOM: 1-stop teleportation journey
 12637 | Temple   | XOM: 5-stop teleportation journey
 13115 | Temple   | XOM: 2-stop teleportation journey
 13165 | Temple   | XOM: god gift: 24 gold pieces
 14555 | Temple   | XOM: god gift: granite ring {god gift}
 14639 | Temple   | XOM: 2-stop teleportation journey
 14833 | Temple   | XOM is BORED!
 14833 | Temple   | XOM: mild Trmt miscast
 14946 | Temple   | XOM: god gift: knobbly jewelled rod {god gift}
 14948 | Temple   | Identified a +4 rod of clouds (14/14) (Xom gifted it to you in the Ecumenical Temple)
 15243 | Temple   | XOM: god gift: 12 gold pieces
 15253 | Temple   | XOM: god gift: 3 meat rations
 15411 | Temple   | XOM: colour smoke trail
 16254 | Temple   | XOM: god gift: 58 gold pieces
 16360 | Temple   | XOM: god gift: 850 gold pieces
 16424 | Temple   | XOM: god gift: 6 javelins of penetration
 16440 | Temple   | XOM: 2-stop teleportation journey
 17121 | Temple   | XOM: god gift: scroll labeled ZOBAZI FOASUO
 17339 | Temple   | XOM: 4-stop teleportation journey
 17920 | Temple   | XOM: 3-stop teleportation journey
 18064 | Temple   | XOM: god gift: crude halberd {god gift}
 18065 | Temple   | Got a crude halberd {god gift}
 18066 | Temple   | Identified the +3 halberd of Day {chaos, *Drain rC++ Str+5} (Xom gifted it to you in the Ecumenical Temple)
 18170 | Temple   | XOM: god gift: chain mail {god gift}
 18207 | Temple   | XOM: 4-stop teleportation journey
 18244 | Temple   | XOM: god gift: onyx ring {god gift}
 18295 | Temple   | XOM: cast spell 'Summon Butterflies'
 19018 | Temple   | XOM: 6-stop teleportation journey
 19041 | Temple   | XOM: 4-stop teleportation journey
 19268 | Temple   | XOM: god gift: glowing bronze wand {god gift}
 19435 | Temple   | XOM: god gift: glowing quick blade {god gift}
 19582 | Temple   | XOM: god gift: short sword {god gift}
 20033 | Temple   | XOM: 1-stop teleportation journey
 20282 | Temple   | XOM: god gift: beef jerky
 20668 | Temple   | XOM: scenery: create altars
 20826 | Temple   | XOM: god gift: 22 stones
 21025 | Temple   | XOM: noise
 21157 | Temple   | XOM: 2-stop teleportation journey
 21242 | Temple   | XOM: god gift: slice of pizza
 21380 | Temple   | XOM: colour smoke trail
 21532 | Temple   | XOM: god gift: scale mail {god gift}
 21866 | Temple   | XOM: mild Summ miscast
 22253 | Temple   | XOM: 4-stop teleportation journey
 22539 | Temple   | XOM: 1-stop teleportation journey
 22560 | Temple   | XOM: 2-stop teleportation journey
 22978 | Temple   | XOM: 1-stop teleportation journey
 23168 | Temple   | XOM: 1-stop teleportation journey
 23554 | Temple   | XOM: god gift: dazzling hat {god gift}
 23555 | Temple   | Got a dazzling hat {god gift}
 23561 | Temple   | Identified the +1 hat of Giwk {Int+3 Dex+5} (Xom gifted it to you in the Ecumenical Temple)
 23911 | Temple   | XOM: god gift: glowing halberd {god gift}
 23959 | Temple   | XOM is BORED!
 23959 | Temple   | XOM: mild Summ miscast
 24158 | Temple   | XOM: god gift: runed hand crossbow {god gift}
 24434 | Temple   | XOM: 1-stop teleportation journey
 24915 | Temple   | XOM: 1-stop teleportation journey
 26063 | Temple   | XOM is BORED!
 26063 | Temple   | XOM: mild Chrm miscast
 26204 | Temple   | XOM: summons 3 hostile demons
 26392 | Temple   | XOM: mild Conj miscast
 26414 | Temple   | XOM: harmless Tloc miscast
 26922 | Temple   | XOM: mild Air miscast
 27304 | Temple   | XOM: summons 1 hostile demon
 27425 | Temple   | XOM: medium Erth miscast
 27425 | Temple   | XOM: smoke on damage
 27490 | Temple   | XOM: 3-stop teleportation journey
 27603 | Temple   | XOM: mild Erth miscast
 27811 | Temple   | XOM: summons 2 hostile demons
 27813 | D:6      | Noticed Pikel
 27823 | D:6      | Killed Pikel
 28041 | Temple   | XOM: mild Necr miscast
 28236 | Temple   | XOM: mild Fire miscast
 28537 | Temple   | XOM: severe Air miscast
 28538 | Temple   | XOM: butterfly on damage
 28623 | Temple   | XOM: mild Chrm miscast
 29079 | Temple   | XOM: medium Conj miscast
 29315 | Temple   | XOM: 1-stop teleportation journey
 29995 | Temple   | XOM: mild Chrm miscast
 30573 | Temple   | XOM is BORED!
 30573 | Temple   | XOM: noise
 30709 | Temple   | XOM: mild Air miscast
 31971 | Temple   | XOM is BORED!
 31971 | Temple   | XOM: medium Chrm miscast
 32240 | Temple   | XOM: 4-stop teleportation journey
 32643 | Temple   | XOM is BORED!
 32643 | Temple   | XOM: medium Conj miscast
 32819 | Temple   | XOM: 3-stop teleportation journey
 33060 | Temple   | XOM: god gift: runed robe {god gift}
 33421 | Temple   | XOM: god gift: runed gold wand {god gift}
 33471 | Temple   | XOM: god gift: long smoking rod {god gift}
 33525 | Temple   | XOM: god gift: crooked smoking rod {god gift}
 33756 | Temple   | XOM: divination: detect creatures
 33899 | Temple   | XOM: god gift: scroll labeled YWAWKE VUAN
 34065 | Temple   | XOM: god gift: 6 meat rations
 34092 | Temple   | XOM: 3-stop teleportation journey
 34245 | Temple   | XOM: 3-stop teleportation journey
 34376 | Temple   | XOM: harmless Hex miscast
 34734 | Temple   | XOM: 2-stop teleportation journey
 34843 | Temple   | XOM: 2-stop teleportation journey
 35113 | Temple   | XOM: 6-stop teleportation journey
 35161 | Temple   | XOM: god gift: slice of pizza
 35639 | Temple   | XOM: 1-stop teleportation journey
 35839 | Temple   | XOM: god gift: scroll labeled YWAWKE VUAN
 36677 | Temple   | XOM: vitrification
 36748 | Temple   | XOM: god gift: scintillating bone ring {god gift}
 36749 | Temple   | Got a scintillating bone ring {god gift}
 36751 | Temple   | Identified the ring "Nuejoco" {rF+ Stlth+} (Xom gifted it to you in the Ecumenical Temple)
 36752 | Temple   | XOM: 6-stop teleportation journey
 37008 | Temple   | XOM: scenery: create altars
 37149 | Temple   | XOM: god gift: fine glass ring {god gift}
 37150 | Temple   | Got a fine glass ring {god gift}
 37152 | Temple   | Identified the ring of Xanueclyo {Dex+7 SInv} (Xom gifted it to you in the Ecumenical Temple)
 37389 | Temple   | XOM: 2-stop teleportation journey
 37434 | Temple   | XOM: stat loss: -1 Str (20/21)
 37939 | Temple   | XOM: mild Trmt miscast
 38106 | Temple   | XOM is BORED!
 38106 | Temple   | XOM: medium Tloc miscast
 38106 | Temple   | XOM: smoke on damage
 38481 | Temple   | XOM: 2-stop teleportation journey
 38626 | Temple   | XOM: 5-stop teleportation journey
 38742 | Temple   | XOM: mild Fire miscast
 38843 | Temple   | XOM: 1-stop teleportation journey
 39593 | Temple   | XOM: harmless Tloc miscast
 39693 | Temple   | XOM: silly message
 39753 | Temple   | XOM: harmless Trmt miscast
 39822 | Temple   | XOM: harmless Pois miscast
 40047 | Temple   | XOM: medium Conj miscast
 40460 | Temple   | XOM: noise
 41292 | Temple   | XOM: harmless Summ miscast
 41400 | Temple   | XOM is BORED!
 41400 | Temple   | XOM: mild Conj miscast
 41737 | Temple   | XOM: colour smoke trail
 41753 | Temple   | XOM: harmless Erth miscast
 41937 | Temple   | XOM: harmless Summ miscast
 42285 | Temple   | XOM: 6-stop teleportation journey
 42886 | Temple   | XOM is BORED!
 42886 | Temple   | XOM: medium Tloc miscast
 43274 | Temple   | XOM: scenery: create altars
 43773 | Temple   | XOM: colour smoke trail
 43935 | Temple   | XOM: mild Chrm miscast
 43995 | Temple   | XOM is BORED!
 43995 | Temple   | XOM: noise
 44377 | Temple   | XOM: god gift: 31 gold pieces
 44999 | Temple   | XOM: colour smoke trail
 45330 | Temple   | XOM: 5-stop teleportation journey
 45506 | Temple   | XOM: 1-stop teleportation journey
 45871 | Temple   | XOM is BORED!
 45871 | Temple   | XOM: medium Erth miscast
 46349 | Temple   | XOM: colour smoke trail
 46471 | Temple   | XOM: medium Hex miscast
 47156 | Temple   | XOM: harmless Conj miscast
 47432 | Temple   | XOM: god gift: phial of floods
 47762 | Temple   | XOM is BORED!
 47762 | Temple   | XOM: medium Fire miscast
 47834 | Temple   | XOM: 8-stop teleportation journey
 48408 | Temple   | XOM: mild Conj miscast
 48413 | Temple   | XOM: colour smoke trail
 48838 | Temple   | XOM: summons 1 hostile demon
 49138 | Temple   | XOM: harmless Erth miscast
 49222 | Temple   | XOM: harmless Chrm miscast
 49845 | Temple   | XOM is BORED!
 49845 | Temple   | XOM: medium Divn miscast
 49941 | Temple   | XOM: mild Chrm miscast
 49956 | Temple   | XOM: colour smoke trail
 50486 | Temple   | XOM: mild Summ miscast
 50596 | Temple   | XOM: harmless Erth miscast
 50615 | Temple   | XOM: summons 3 hostile demons
 51821 | Temple   | XOM: mild Ice miscast
 52022 | Temple   | XOM: harmless Chrm miscast
 52051 | Temple   | XOM: medium Conj miscast
 52525 | Temple   | XOM: harmless Tloc miscast
 52753 | Temple   | XOM: mild Necr miscast
 53105 | Temple   | XOM: silly message
 53120 | Temple   | XOM: medium Trmt miscast
 54044 | Temple   | XOM: mild Air miscast
 54312 | Temple   | XOM: god gift: flickering marble ring {god gift}
 54313 | Temple   | Got a flickering marble ring {god gift}
 54315 | Temple   | Identified the ring of Jelefav {rCorr Str+2 Int+4} (Xom gifted it to you in the Ecumenical Temple)
 54564 | Temple   | XOM is BORED!
 54564 | Temple   | XOM: medium Ice miscast
 55014 | Temple   | XOM: colour smoke trail
 55504 | Temple   | XOM: scenery: create altars
 56212 | Temple   | XOM is BORED!
 56212 | Temple   | XOM: mild Ice miscast
 56222 | Temple   | XOM: silly message
 57584 | Temple   | XOM: divination: detect creatures
 57874 | Temple   | XOM: cast spell 'Summon Butterflies'
 57970 | Temple   | XOM: mild Air miscast
 58448 | Temple   | XOM is BORED!
 58448 | Temple   | XOM: noise
 59417 | Temple   | XOM: colour smoke trail
 59567 | Temple   | XOM: medium Erth miscast
 59600 | Temple   | XOM: 1-stop teleportation journey
 59635 | Temple   | XOM: divination: magic mapping
 59833 | Temple   | XOM is BORED!
 59833 | Temple   | XOM: mild Conj miscast
 59854 | Temple   | XOM: god gift: scroll labeled LOTAER DUIPOS
 59881 | Temple   | XOM: vitrification
 60111 | Temple   | XOM: 7-stop teleportation journey
 60270 | Temple   | XOM: god gift: flail {god gift}
 60666 | Temple   | XOM: scenery: create altars
 60717 | Temple   | XOM: god gift: pair of embroidered gloves {god gift}
 61904 | Temple   | XOM: harmless Fire miscast
 62079 | Temple   | XOM: harmless Pois miscast
 62201 | Temple   | XOM: 2-stop teleportation journey
 62595 | Temple   | XOM: mild Air miscast
 62649 | Temple   | XOM: cast spell 'Summon Butterflies'
 62747 | Temple   | XOM: 2-stop teleportation journey
 63174 | Temple   | XOM: mild Necr miscast
 63226 | Temple   | XOM: divination: detect creatures
 63591 | Temple   | XOM: harmless Conj miscast
 63642 | Temple   | XOM: silly message
 64246 | Temple   | XOM is BORED!
 64246 | Temple   | XOM: mild Pois miscast
 64349 | Temple   | XOM: harmless Erth miscast
 64718 | Temple   | XOM: harmless Divn miscast
 65261 | Temple   | XOM: god gift: glowing centaur barding {god gift}
 65354 | Temple   | XOM: god gift: worn glass wand {god gift}
 65426 | Temple   | XOM: 4-stop teleportation journey
 65882 | Temple   | XOM: mild Trmt miscast
 66090 | Temple   | XOM: 5-stop teleportation journey
 66144 | Temple   | XOM: god gift: ivory wand {god gift}
 66219 | Temple   | XOM is BORED!
 66219 | Temple   | XOM: noise
 66742 | Temple   | XOM: 2-stop teleportation journey
 66774 | Temple   | XOM is BORED!
 66774 | Temple   | XOM: noise
 66920 | Temple   | XOM: god gift: glowing flail {god gift}
 67086 | Temple   | XOM: 2-stop teleportation journey
 67390 | Temple   | XOM: god gift: heavily runed cloak {god gift}
 67391 | Temple   | Got a heavily runed cloak {god gift}
 67397 | Temple   | Identified the +1 cloak of Shielding {rN+ Str+3 Int-5} (Xom gifted it to you in the Ecumenical Temple)
 67509 | Temple   | XOM is BORED!
 67509 | Temple   | XOM: noise
 68404 | Temple   | XOM: 1-stop teleportation journey
 68802 | Temple   | XOM: noise
 68909 | Temple   | XOM: colour smoke trail
 69443 | Temple   | XOM is BORED!
 69443 | Temple   | XOM: medium Conj miscast
 69880 | Temple   | XOM: god gift: scroll labeled KOSTRY ICSOPPO
 70261 | Temple   | XOM: noise
 70801 | Temple   | XOM: god gift: glowing plate armour {god gift}
 70810 | Temple   | Identified a +1 rod of clouds (9/9) (Xom gifted it to you in the Ecumenical Temple)
 70811 | Temple   | Identified a +2 rod of clouds (9/9) (Xom gifted it to you in the Ecumenical Temple)
 71307 | Temple   | XOM: 1-stop teleportation journey
 71841 | Temple   | XOM: divination: detect creatures
 72048 | Temple   | XOM: mild Divn miscast
 72227 | Temple   | XOM: harmless Erth miscast
 72267 | Temple   | XOM: god gift: tiny cabochon amulet {god gift}
 72595 | Temple   | XOM: medium Erth miscast
 72664 | Temple   | XOM: harmless Summ miscast
 72973 | Temple   | XOM: divination: detect creatures
 73067 | Temple   | XOM: god gift: 50 gold pieces
 73080 | Temple   | XOM is BORED!
 73080 | Temple   | XOM: mild Fire miscast
 74202 | Temple   | XOM: colour smoke trail
 74306 | Temple   | XOM: god gift: scroll labeled UWACUK ALEDOJO
 74522 | Temple   | XOM: medium Pois miscast
 74642 | Temple   | XOM: colour smoke trail
 74727 | Temple   | XOM is BORED!
 74727 | Temple   | XOM: mild Pois miscast
 75944 | Temple   | XOM: harmless Chrm miscast
 76554 | Temple   | XOM is BORED!
 76554 | Temple   | XOM: noise
 76613 | Temple   | XOM: divination: detect items
 76984 | Temple   | XOM: noise
 76993 | Temple   | XOM: summons 4 hostile demons
 77315 | Temple   | XOM: 1-stop teleportation journey
 77474 | Temple   | XOM is BORED!
 77474 | Temple   | XOM: medium Air miscast
 78033 | Temple   | XOM: 2-stop teleportation journey
 78105 | Temple   | XOM: colour smoke trail
 78115 | Temple   | XOM: 2-stop teleportation journey
 78777 | Temple   | XOM: mild Chrm miscast
 79223 | Temple   | XOM: god gift: 11 gold pieces
 79585 | Temple   | XOM: 3-stop teleportation journey
 79751 | Temple   | XOM: divination: detect items
 80056 | Temple   | XOM is BORED!
 80056 | Temple   | XOM: 2-stop teleportation journey
 80129 | Temple   | XOM: god gift: hardcover book {god gift}
 81077 | Temple   | XOM is BORED!
 81077 | Temple   | XOM: mild Pois miscast
 81147 | Temple   | XOM: 2-stop teleportation journey
 82260 | Temple   | XOM: 3-stop teleportation journey
 82490 | Temple   | XOM: divination: detect items
 83165 | Temple   | XOM: god gift: 35 gold pieces
 83782 | Temple   | XOM: god gift: beef jerky
 84017 | Temple   | XOM: 1-stop teleportation journey
 84808 | Temple   | XOM: god gift: robe {god gift}
 85499 | Temple   | XOM is BORED!
 85499 | Temple   | XOM: mild Chrm miscast
 85568 | Temple   | XOM: 4-stop teleportation journey
 85627 | Temple   | XOM: god gift: leatherbound book {god gift}
 85714 | Temple   | XOM: 2-stop teleportation journey
 85866 | Temple   | XOM: god gift: pair of glowing boots {god gift}
 86136 | Temple   | XOM: medium Air miscast
 86237 | Temple   | XOM: 3-stop teleportation journey
 86755 | Temple   | XOM: god gift: robe {god gift}
 86805 | Temple   | XOM: god gift: lamp of fire
 87019 | Temple   | XOM: harmless Erth miscast
 87209 | Temple   | XOM: god gift: robe {god gift}
 87246 | Temple   | XOM: cast spell 'Summon Butterflies'
 87388 | Temple   | XOM: god gift: 6 tomahawks of returning
 87521 | Temple   | XOM: silly message
 87762 | Temple   | XOM: 1-stop teleportation journey
 88128 | Temple   | XOM: 2-stop teleportation journey
 88768 | Temple   | XOM: 2-stop teleportation journey
 88830 | Temple   | XOM: god gift: 53 gold pieces
 88966 | Temple   | XOM: harmless Tloc miscast
 89223 | Temple   | XOM: mild Chrm miscast
 89420 | Temple   | XOM: harmless Hex miscast
 89438 | Temple   | XOM: harmless Conj miscast
 89690 | Temple   | XOM is BORED!
 89690 | Temple   | XOM: medium Fire miscast
 89731 | Temple   | XOM: silly message
 90230 | Temple   | XOM: 1-stop teleportation journey
 90319 | Temple   | XOM: 4-stop teleportation journey
 90483 | Temple   | XOM: 1-stop teleportation journey
 90514 | Temple   | XOM: god gift: 44 gold pieces
 90550 | Temple   | XOM: 4-stop teleportation journey
 90694 | Temple   | XOM: colour smoke trail
 90952 | Temple   | XOM: medium Tloc miscast
 91554 | Temple   | XOM: medium Necr miscast
 92096 | Temple   | XOM: divination: detect creatures
 92140 | Temple   | XOM: colour smoke trail
 92309 | Temple   | XOM: harmless Necr miscast
 92678 | Temple   | XOM: mild Conj miscast
 93371 | Temple   | XOM: god gift: rapier {god gift}
 93746 | Temple   | XOM is BORED!
 93746 | Temple   | XOM: medium Erth miscast
 94587 | Temple   | XOM: god gift: coiled turquoise ring {god gift}
 94588 | Temple   | Got a coiled turquoise ring {god gift}
 94590 | Temple   | Identified the ring of Okhuff {Wiz MR+ Str+3} (Xom gifted it to you in the Ecumenical Temple)
 94854 | Temple   | XOM: divination: detect creatures
 95253 | Temple   | XOM: silly message
 95440 | Temple   | XOM: noise
 95687 | Temple   | XOM: mild Pois miscast
 95888 | Temple   | XOM: harmless Tloc miscast
 96208 | Temple   | XOM: 5-stop teleportation journey
 96309 | Temple   | XOM: colour smoke trail
 96435 | Temple   | XOM: mild Summ miscast
 96544 | Temple   | XOM: silly message
 96871 | Temple   | XOM: mild Necr miscast
 96905 | Temple   | XOM: colour smoke trail
 97427 | Temple   | XOM is BORED!
 97427 | Temple   | XOM: noise
 97563 | Temple   | XOM: 3-stop teleportation journey
 97692 | Temple   | XOM: harmless Summ miscast
 97940 | Temple   | XOM: god gift: 13 stones
 98024 | Temple   | XOM: god gift: scroll labeled CUPRAMEOKON
 98114 | Temple   | XOM: 3-stop teleportation journey
 98204 | Temple   | XOM: god gift: plain deck of cards {god gift}
 98436 | Temple   | XOM: 1-stop teleportation journey
 98734 | Temple   | XOM: 4-stop teleportation journey
 99029 | Temple   | XOM: god gift: hardcover book {god gift}
 99217 | Temple   | XOM: 5-stop teleportation journey
 99241 | Temple   | XOM: god gift: scroll of recharging
 99420 | Temple   | XOM: medium Trmt miscast
 99753 | Temple   | XOM: god gift: 62 gold pieces
 99802 | Temple   | XOM: 1-stop teleportation journey
100259 | Temple   | XOM: 5-stop teleportation journey
100870 | Temple   | XOM is BORED!
100870 | Temple   | XOM: mild Summ miscast
100876 | Temple   | XOM: colour smoke trail
101134 | Temple   | XOM: mild Conj miscast
101347 | Temple   | XOM: 3-stop teleportation journey
101461 | Temple   | XOM: colour smoke trail
101610 | Temple   | XOM: god gift: 49 gold pieces
102241 | Temple   | XOM: colour smoke trail
102284 | Temple   | XOM: harmless Tloc miscast
103024 | Temple   | XOM: mild Erth miscast
103189 | Temple   | XOM: silly message
103314 | Temple   | XOM: god gift: 22 stones
103350 | Temple   | XOM is BORED!
103350 | Temple   | XOM: silly message
103900 | Temple   | XOM: harmless Air miscast
104251 | Temple   | XOM: silly message
104395 | Temple   | XOM: harmless Erth miscast
105132 | Temple   | XOM: divination: detect creatures
105352 | Temple   | XOM: mild Necr miscast
105378 | Temple   | XOM is BORED!
105378 | Temple   | XOM: mild Fire miscast
105423 | Temple   | XOM: mild Ice miscast
105639 | Temple   | XOM: 1-stop teleportation journey
106395 | Temple   | XOM is BORED!
106395 | Temple   | XOM: noise
106599 | Temple   | XOM: harmless Erth miscast
106758 | Temple   | XOM: colour smoke trail
107086 | Temple   | XOM: 3-stop teleportation journey
107250 | Temple   | XOM: stat loss: -1 Dex (17/18)
107258 | Temple   | XOM: harmless Fire miscast
107315 | Temple   | XOM: harmless Hex miscast
108019 | Temple   | XOM is BORED!
108019 | Temple   | XOM: medium Divn miscast
108020 | Temple   | XOM: 1-stop teleportation journey
108089 | Temple   | XOM: colour smoke trail
108461 | Temple   | XOM: colour smoke trail
108828 | Temple   | XOM: medium Pois miscast
109485 | Temple   | XOM: harmless Summ miscast
109509 | Temple   | XOM: colour smoke trail
109644 | Temple   | XOM is BORED!
109644 | Temple   | XOM: medium Fire miscast
109669 | Temple   | XOM: harmless Conj miscast
109874 | Temple   | XOM: harmless Fire miscast
110255 | Temple   | XOM: god gift: 20 arrows of frost
111263 | Temple   | XOM: 1-stop teleportation journey
112076 | Temple   | XOM is BORED!
112076 | Temple   | XOM: stat loss: -3 Dex (14/18)
112713 | Temple   | XOM is BORED!
112713 | Temple   | XOM: medium Necr miscast
112904 | Temple   | XOM: 4-stop teleportation journey
113994 | Temple   | XOM is BORED!
113994 | Temple   | XOM: stat loss: -2 Str (18/22)
114085 | Temple   | XOM: colour smoke trail
114469 | Temple   | XOM: colour smoke trail
114657 | Temple   | XOM: 1-stop teleportation journey
115014 | Temple   | XOM is BORED!
115014 | Temple   | XOM: medium Ice miscast
115164 | Temple   | XOM: 2-stop teleportation journey
115227 | Temple   | XOM: 2-stop teleportation journey
115843 | Temple   | XOM: colour smoke trail
116122 | Temple   | XOM: mild Pois miscast
116529 | Temple   | XOM: 2-stop teleportation journey
116876 | Temple   | XOM: severe Tloc miscast
116965 | Temple   | XOM: god gift: glowing leather armour {god gift}
117431 | Temple   | XOM: cast spell 'Summon Butterflies'
117639 | Temple   | XOM: silly message
117666 | Temple   | XOM: silly message
117990 | Temple   | XOM: god gift: 26 gold pieces
118137 | Temple   | XOM: god gift: crystal ball of energy
118238 | Temple   | XOM: medium Tloc miscast
118370 | Temple   | XOM: harmless Trmt miscast
118508 | Temple   | XOM: divination: detect creatures
118964 | Temple   | XOM: 8-stop teleportation journey
119305 | Temple   | XOM is BORED!
119305 | Temple   | XOM: stat loss: -3 Str (15/22)
119623 | Temple   | XOM: divination: detect creatures
119952 | Temple   | XOM: harmless Divn miscast
120721 | Temple   | XOM: silly message
120792 | Temple   | XOM: summons 1 hostile demon
120852 | Temple   | XOM: 7-stop teleportation journey
121353 | Temple   | XOM: severe Hex miscast
121587 | Temple   | XOM: mild Hex miscast
121655 | Temple   | XOM: scenery: create altars
121829 | Temple   | XOM: harmless Ice miscast
122136 | Temple   | XOM: god gift: metal-bound book {god gift}
122306 | Temple   | XOM: god gift: gnarled runed staff {god gift}
122315 | Temple   | XOM is BORED!
122315 | Temple   | XOM: mild Trmt miscast
122696 | Temple   | XOM: god gift: 7 silver javelins
122832 | Temple   | XOM: god gift: 62 gold pieces
122873 | Temple   | XOM: mild Trmt miscast
123273 | Temple   | XOM: mild Erth miscast
123306 | Temple   | XOM: silly message
123431 | Temple   | XOM: divination: detect creatures
123450 | Temple   | XOM: divination: detect items
124082 | Temple   | XOM: silly message
124515 | Temple   | XOM: 6-stop teleportation journey
124725 | Temple   | XOM: god gift: glowing cloak {god gift}
124966 | Temple   | XOM: god gift: fan of gales
125704 | Temple   | XOM: 1-stop teleportation journey
125716 | Temple   | XOM: god gift: 32 gold pieces
125782 | Temple   | XOM: god gift: 13 steel bolts
126205 | Temple   | XOM: 7-stop teleportation journey
126928 | Temple   | XOM is BORED!
126928 | Temple   | XOM: summons 4 hostile demons
126929 | Temple   | Noticed a sixfirhy
127440 | Temple   | XOM: scenery: create altars
127779 | Temple   | XOM: mild Trmt miscast
127811 | Temple   | XOM: medium Pois miscast
128992 | Temple   | XOM: mild Tloc miscast
129315 | Temple   | XOM: mild Hex miscast
129441 | Temple   | XOM is BORED!
129441 | Temple   | XOM: summons 4 hostile demons
129530 | D:6      | XOM: silly message
129791 | Temple   | XOM: summons 3 hostile demons
129800 | D:6      | XOM: colour smoke trail
129813 | D:6      | XOM: summons 2 hostile demons
130101 | Temple   | XOM: medium Summ miscast
130514 | Temple   | XOM: harmless Fire miscast
130685 | Temple   | XOM: medium Fire miscast
130983 | Temple   | XOM: silly message
131096 | Temple   | XOM: mild Fire miscast
131186 | Temple   | XOM: harmless Fire miscast
131625 | Temple   | XOM is BORED!
131625 | Temple   | XOM: mild Air miscast
131961 | Temple   | XOM: mild Tloc miscast
132194 | Temple   | XOM: 6-stop teleportation journey
132469 | Temple   | XOM: 1-stop teleportation journey
132757 | Temple   | XOM: harmless Ice miscast
133268 | Temple   | XOM is BORED!
133268 | Temple   | XOM: summons 4 hostile demons
133691 | Temple   | XOM: 1-stop teleportation journey
133721 | Temple   | XOM: god gift: knobbly glowing rod {god gift}
133723 | Temple   | Identified a +8 rod of inaccuracy (12/12) (Xom gifted it to you in the Ecumenical Temple)
134592 | Temple   | XOM: colour smoke trail
135592 | Temple   | XOM: 7-stop teleportation journey
135713 | Temple   | XOM: god gift: scroll of enchant armour
136512 | Temple   | XOM: harmless Fire miscast
137708 | Temple   | XOM: harmless Necr miscast
137819 | Temple   | XOM: noise
137820 | Temple   | XOM: medium Tloc miscast
138420 | Temple   | XOM: summons 1 hostile demon
138450 | D:6      | Noticed Crazy Yiuf
138451 | D:6      | Killed Crazy Yiuf
138458 | D:6      | Got an ichor-stained mace
138496 | D:6      | Reached skill level 1 in Evocations
139111 | D:6      | Got a fabulously ornate robe
139122 | D:6      | Identified the cursed +1 robe of Fedhas's Anger {MR+++ rCorr Str+5 Slay-4} (You found it on level 6 of the Dungeon)
139145 | D:6      | XOM is BORED!
139145 | D:6      | XOM: mild Ice miscast
139148 | D:6      | XOM: mild Tloc miscast
139568 | D:2      | XOM: medium Erth miscast
139727 | D:6      | XOM: polymorph freed slave -> hell hound
139780 | D:6      | XOM: mild Ice miscast
139804 | D:6      | Reached skill level 2 in Evocations
139867 | D:6      | XOM: divination: detect creatures
139912 | D:7      | XOM: summons 8 friendly demons
139936 | D:7      | Reached skill level 3 in Evocations
139936 | D:7      | Reached XP level 9. HP: 57/57 MP: 11/11
140016 | D:7      | XOM: silly message
140116 | D:7      | Identified 2 scrolls of acquirement
140123 | D:7      | Got a translucent eveningstar
140124 | D:7      | Identified the +0 eveningstar of Cefyer {antimagic, rElec Dex+2} (You acquired it on level 7 of the Dungeon)
140308 | D:7      | XOM: harmless Pois miscast
140313 | D:7      | XOM: harmless Ice miscast
140319 | D:7      | XOM: potion effect (curing)
140321 | D:7      | XOM: cast spell 'Cause Fear'
140353 | D:7      | Reached skill level 4 in Evocations
140374 | D:7      | Found a sand-covered staircase.
140383 | Ossuary  | Entered an ossuary
140386 | Ossuary  | XOM: confuse monster(s)
140409 | Ossuary  | XOM: confuse monster(s)
140527 | Ossuary  | XOM: colour smoke trail
140539 | Ossuary  | XOM: blink monster(s)
140581 | Ossuary  | Reached skill level 5 in Evocations
140674 | D:7      | XOM: noise
140676 | D:7      | XOM: enchant monster (good)
140677 | D:7      | XOM: enchant monster (good)
140722 | D:7      | XOM: harmless Chrm miscast
140787 | D:7      | Found Diddin's Weapon Emporium.
140831 | D:7      | Reached skill level 6 in Evocations
141052 | D:7      | XOM: colour smoke trail
141129 | D:7      | XOM: harmless Summ miscast
141267 | D:7      | XOM: silly message
141398 | D:8      | XOM: noise
141414 | D:8      | Reached skill level 7 in Evocations
141498 | D:8      | Found a stormy altar of Qazlal.
141504 | D:8      | XOM: potion effect (might)
141581 | D:8      | XOM: mild Chrm miscast
141644 | D:8      | XOM: harmless Ice miscast
141692 | D:8      | XOM: harmless Necr miscast
141704 | D:8      | Found a basalt altar of Yredelemnul.
141709 | D:8      | XOM: confuse monster(s)
141711 | D:8      | Found a burning altar of Makhleb.
141711 | D:8      | Found an opulent altar of Gozag.
141790 | D:8      | Fell from the grace of Xom
141790 | D:8      | Became a worshipper of Gozag Ym Sagoz the Greedy
141793 | D:8      | Bought a scorched trident for 246 gold pieces
141793 | D:8      | Identified the +8 trident of Honour {pierce, rF+} (You bought it in a shop on level 8 of the Dungeon)
141794 | D:8      | Bought a bloodstained spear for 232 gold pieces
141794 | D:8      | Identified the +12 spear "Honug" {flame, rC++ rN+ MP+9 Int-3} (You bought it in a shop on level 8 of the Dungeon)
141817 | D:8      | Learned a level 3 spell: Mephitic Cloud
141821 | D:8      | Learned a level 3 spell: Ozocubu's Armour
141824 | D:8      | Learned a level 2 spell: Corpse Rot
142156 | D:8      | Reached skill level 1 in Dodging
142213 | D:8      | XOM: mild Summ miscast
142270 | D:9      | Found Tiecris's Book Emporium.
142341 | D:9      | Found a shattered altar of Ashenzari.
142360 | D:9      | Found Vusofil's Antique Weapon Boutique.
142367 | D:9      | Reached XP level 10. HP: 66/70 MP: 15/15
142413 | D:9      | XOM: severe Divn miscast
142431 | D:9      | Found Otesix's Weapon Emporium.
142434 | D:9      | Reached skill level 1 in Ice Magic
142438 | D:9      | Reached skill level 1 in Charms
142486 | D:9      | Reached skill level 8 in Evocations
142497 | D:9      | Found Dokk's Magic Scroll Boutique.
142698 | D:9      | Found Cekias's General Store.
142846 | D:10     | Entered Level 10 of the Dungeon
143191 | D:10     | Found Ijawyub's Distillery.
143191 | D:10     | Found Limutunagh's Distillery.
143281 | D:10     | Found a staircase to the Lair.
143467 | D:10     | XOM: severe Fire miscast
143480 | D:10     | Found Towunilo's Food Emporium.
143550 | D:11     | Noticed a hill giant
143564 | D:11     | Killed a hill giant
143660 | D:11     | Noticed Urug
143688 | D:11     | Killed Urug
143688 | D:11     | Reached skill level 10 in Polearms
143719 | D:11     | Noticed a hill giant
143725 | D:11     | Killed a hill giant
143725 | D:11     | Reached XP level 11. HP: 56/75 MP: 17/17
143981 | D:11     | Reached skill level 1 in Stealth
144018 | D:11     | Reached skill level 9 in Evocations
144085 | D:11     | Noticed a hill giant
144089 | D:11     | Killed a hill giant
144269 | D:11     | XOM: medium Hex miscast
144663 | D:11     | XOM: medium Ice miscast
144854 | D:12     | Found a staircase to the Orcish Mines.
145055 | D:12     | Found a shadowy altar of Dithmenos.
145086 | D:12     | XOM: medium Pois miscast
145240 | D:12     | Noticed Josephine
145251 | D:12     | Reached skill level 5 in Dodging
145253 | D:12     | Killed Josephine
145375 | D:12     | XOM: summons 3 hostile shadow creatures
145376 | D:12     | Noticed an unseen horror
145388 | D:12     | XOM: summons 4 hostile shadow creatures
145729 | D:12     | Bought a dazzling hat for 243 gold pieces
145739 | D:12     | Identified the +2 hat of Integrity {*Confuse rElec Str+7 Int+4} (You bought it in a shop on level 12 of the Dungeon)
145745 | D:12     | XOM: medium Erth miscast
146026 | D:13     | Noticed a hill giant
146040 | D:13     | Killed a hill giant
146051 | D:13     | Noticed a deep elf mage
146063 | D:13     | Killed a deep elf mage
146086 | D:13     | Noticed a skeletal warrior
146095 | D:13     | Noticed a skeletal warrior
146103 | D:13     | Killed a skeletal warrior
146103 | D:13     | Reached XP level 12. HP: 41/81 MP: 19/19
146128 | D:13     | XOM: summons 7 hostile demons
146182 | D:12     | XOM: noise
146216 | D:12     | XOM: chaos cloud
146539 | Orc:1    | Entered Level 1 of the Orcish Mines
146688 | Orc:1    | Reached skill level 5 in Stealth
146866 | Orc:1    | XOM: mild Ice miscast
147179 | Orc:2    | Entered Level 2 of the Orcish Mines
147179 | Orc:2    | Noticed crauler's ghost (journeyman OgTm)
147342 | Orc:2    | Found Mirukigg's Book Emporium.
148200 | D:13     | Reached skill level 10 in Evocations
148475 | D:13     | XOM: stat loss: -1 Int (14/15)
148593 | D:14     | XOM: noise
148607 | D:14     | Noticed a centaur warrior
148620 | D:14     | Killed a centaur warrior
148720 | D:13     | Noticed an eight-headed hydra
148847 | D:13     | Noticed a centaur warrior
148879 | D:13     | Killed a centaur warrior
148879 | D:13     | Reached skill level 5 in Ice Magic
148880 | D:13     | Killed an eight-headed hydra
148889 | D:13     | Noticed a centaur warrior
148900 | D:13     | Killed a centaur warrior
148900 | D:13     | Gained mutation: You are in touch with the powers of death. [Mummy growth]
148900 | D:13     | Gained mutation: You can restore your body by infusing magical energy. [Mummy growth]
148900 | D:13     | Reached XP level 13. HP: 36/86 MP: 20/20
149034 | D:13     | Bought a pair of scorched boots for 247 gold pieces
149044 | D:13     | Identified the +2 pair of boots of Contentment {rElec Int+3 Slay+5} (You bought it in a shop on level 13 of the Dungeon)
149047 | D:13     | Bought a faintly humming leather armour for 182 gold pieces
149057 | D:13     | Identified the +2 leather armour of a bailey {rN++ Regen+ Dex-2 Stlth+} (You bought it in a shop on level 13 of the Dungeon)
149182 | D:14     | Reached skill level 5 in Charms
149524 | D:14     | Noticed a vault guard
149529 | D:14     | Killed a vault guard
149586 | D:14     | Found a gate to the Vaults.
149959 | D:15     | Entered Level 15 of the Dungeon
150183 | D:12     | XOM: summons 1 hostile demon
150273 | Lair:1   | XOM: noise
150273 | Lair:1   | Entered Level 1 of the Lair of Beasts
150588 | Lair:1   | Reached skill level 11 in Evocations
151208 | Lair:2   | Found a labyrinth entrance.
151224 | Lab      | Entered a labyrinth
151463 | Lab      | Found an exit through the horrors of the Abyss.
151548 | Lab      | Noticed a minotaur
151557 | Lab      | Killed a minotaur
151646 | Lair:2   | Identified a +3 rod of shadows (13/13) (You found it in a labyrinth)
151647 | Lair:2   | Identified a +4 rod of shadows (13/13) (You took it off a minotaur in a labyrinth)
152814 | Lair:3   | XOM: summons 4 hostile shadow creatures
152924 | Lair:3   | Found a hole to the Spider Nest.
152971 | Lair:3   | XOM: medium Tloc miscast
153409 | Lair:4   | XOM: noise
153486 | Lair:4   | Noticed Harold
153506 | Lair:4   | Reached XP level 14. HP: 69/93 MP: 19/22
153507 | Lair:4   | Killed Harold
153753 | Lair:4   | XOM: mild Pois miscast
153865 | Lair:4   | XOM: summons 4 hostile shadow creatures
153982 | Lair:4   | XOM: medium Summ miscast
154387 | Lair:5   | Found a staircase to the Shoals.
154387 | Lair:5   | XOM: summons 9 hostile demons
155238 | Shoals:1 | Entered Level 1 of the Shoals
155334 | Lair:6   | XOM: medium Erth miscast
155578 | Lair:6   | XOM: mild Ice miscast
156188 | Lair:7   | XOM: mild Tloc miscast
156227 | Lair:7   | XOM: summons 1 hostile demon
156437 | Lair:7   | Learned a level 4 spell: Fulminant Prism
156547 | Lair:7   | XOM: summons 2 hostile shadow creatures
156547 | Lair:7   | Was forgiven by Xom
156635 | Lair:7   | Reached skill level 12 in Evocations
156725 | Lair:7   | Reached skill level 1 in Spellcasting
157155 | Lair:8   | Entered Level 8 of the Lair of Beasts
157158 | Lair:8   | Reached skill level 10 in Stealth
157311 | Lair:8   | Reached skill level 10 in Dodging
157313 | Lair:8   | Found a staircase to the Slime Pits.
158067 | Lair:8   | Reached XP level 15. HP: 73/98 MP: 24/24
158638 | Orc:2    | Killed crauler's ghost
158644 | Orc:2    | Found a staircase to the Elven Halls.
159092 | Orc:2    | Found Jaxzik's Magic Scroll Shoppe.
159112 | Orc:2    | Bought a scroll of teleportation for 36 gold pieces
159112 | Orc:2    | Bought a scroll of immolation for 42 gold pieces
159126 | Orc:2    | Found a radiant altar of Vehumet.
159175 | Orc:2    | Noticed Nergalle
159188 | Orc:2    | Killed Nergalle
159194 | Orc:2    | Found an ancient bone altar of Kikubaaqudgha.
159259 | Orc:2    | Found a roughly hewn altar of Beogh.
159259 | Orc:2    | Found Pomisol's Distillery.
159263 | Orc:2    | Found Luafe's Gadget Emporium.
159271 | Orc:2    | Found Avedo's Antique Weapon Shoppe.
159709 | D:15     | Found a staircase to the Depths.
160192 | D:15     | Learned a level 3 spell: Gell's Gravitas
160265 | D:15     | Found a portal to a secret trove of treasure.
160560 | Depths:1 | Entered Level 1 of the Depths
160802 | Depths:1 | Noticed a fire giant
160829 | Depths:1 | Reached skill level 1 in Hexes
161195 | Spider:1 | Entered Level 1 of the Spider Nest
161226 | Spider:1 | Reached skill level 13 in Evocations
161524 | Spider:1 | Noticed Rupert
161545 | Spider:1 | Killed Rupert
161545 | Spider:1 | Reached XP level 16. HP: 60/104 MP: 25/25
162654 | Lair:4   | Bought a +10 plate armour of ponderousness for 850 gold pieces
163107 | Temple   | Fell from the grace of Gozag
163107 | Temple   | Became a worshipper of Cheibriados the Contemplative
163820 | Spider:2 | Noticed Arachne
163836 | Spider:2 | Killed Arachne
163861 | Spider:2 | Reached skill level 1 in Shields
164167 | Spider:2 | Reached * piety under Cheibriados
166724 | Spider:1 | Reached ** piety under Cheibriados
167084 | Spider:1 | Reached skill level 5 in Armour
169160 | Spider:2 | Reached *** piety under Cheibriados
169581 | Spider:3 | Reached **** piety under Cheibriados
169616 | Spider:3 | HP: 5/104 [entropy weaver (4)]
169634 | Spider:3 | Blown up by an orb spider

Vault maps used:
D:1:      evilmike_arrival_fibonacci_small
D:2:      lightli_temple_of_fire, nicolae_dithmenos_through_a_glass_darkly,
          first_bread, grunt_decor_one_mirror, minmay_misc_feat_cross
D:3:      nicolae_ru_sacrificial_ziggurat
D:4:      serial_park_tiny_2
D:5:      serial_shops, shop, nicolae_for_you_no_charge, uniq_blork_the_orc
D:6:      lemuel_crystal_altar, minmay_temple_entry_grid, uniq_pikel,
          uniq_crazy_yiuf_cottage
D:7:      serial_shops, shop, nicolae_ossuary_entry_monument
D:8:      grunt_temple_overflow_open
D:9:      serial_shops, nicolae_shop_temple_entry_statues_fountains, shop, shop,
          shop, nicolae_shop_waterfront, basic_altar, grunt_ogre_cave,
          hangedman_decor_riveting, grunt_ministairs_13
D:10:     grunt_lair_entry_orc_guard_hut, serial_shops, nicolae_shop_crystal,
          nicolae_shop_waterfront, shop
D:11:     uniq_urug
D:12:     orc_0_dummy, basic_altar, minmay_misc_feat_roman,
          kennysheep_generic_room_14, uniq_josephine
D:14:     david_vaults_5, hangedman_decor_slide_cut, minmay_misc_feat_plants
D:15:     hangedman_depths_entry_try_elsewhere_first, serial_park_square1,
          enter_trove_3, minmay_rotating_lava
Temple:   minmay_temple_forest_path_12
Lair:2:   lab_entry_generic, serial_bayou_shore_b, lemuel_fruit_tree,
          lemuel_fruit_fields
Lair:3:   nicolae_spider_entry_orb_guardian
Lair:4:   minmay_lair_drake_nest, uniq_harold
Lair:5:   shoals_dummy_entry, serial_bayou_pond_e
Lair:7:   nicolae_quartered_pool_super, serial_bayou_pond_d
Lair:8:   evilmike_catoblepas_cave, slime_dummy, grunt_megastairs_1
Spider:1: spider_trap, uniq_rupert
Spider:2: uniq_arachne
Orc:2:    kennysheep_orc_mage_school, serial_shops, shop, special_room
Depths:1: minmay_misc_feat_four_crosses, hell_entry, hex_large,
          evilmike_ruin_ashenzari
Lab:      labyrinth_watery, nicolae_lab_hexagon, labyrinth_fake_exit,
          nicolae_lab_plus
Ossuary:  ossuary_minmay_tomb_2a

Skill      XL: |  1  2  3  4  5  6  7  8  9 10 11 12 13 14 15 16 |
---------------+-------------------------------------------------+-----
Polearms       | 3 4 5 6 8 9 10 | 10.0
Evocations     | 3 7 8 9 10 11 12 13 | 13.6
Dodging        | 1 4 5 7 8 10 11 | 11.6
Ice Magic      | 2 3 5 6 7 |  7.3
Charms         | 2 3 4 5 |  5.5
Stealth        | 4 6 8 10 11 | 11.1
Spellcasting   | 2 3 4 |  4.7
Armour         | 4 5 |  5.7
Hexes          | 1 2 |  2.9
Shields        | 3 |  3.7
Fighting       | |  3.0

Action                   |  1- 3 |  4- 6 |  7- 9 | 10-12 | 13-15 | 16-18 || total
-------------------------+-------+-------+-------+-------+-------+-------++-------
Melee: Spear             |   171 |   314 |   568 |       |       |       ||  1053
       Halberd           |       |       |   137 |       |       |       ||   137
       Quick blade       |       |       |    92 |       |       |       ||    92
       Rod               |       |       |    13 |    21 |       |       ||    34
       Trident           |       |       |    20 |   869 |  1549 |   407 ||  2845
       Glaive            |       |       |       |       |    19 |       ||    19
 Fire: Hand crossbow     |       |       |       |     4 |       |       ||     4
 Cast: Ozocubu's Armour  |       |       |       |       |    13 |     1 ||    14
Invok: Call Merchant     |       |       |     2 |     1 |     4 |     1 ||     8
Evoke: Rod               |       |       |    13 |    74 |   126 |    46 ||   259
       Fan of gales      |       |       |       |     2 |     3 |     1 ||     6
       Wand              |       |       |       |    10 |    13 |    16 ||    39
       Phial of floods   |       |       |       |     2 |     1 |     1 ||     4
       Lamp of fire      |       |       |       |     1 |       |       ||     1
  Use: Scroll            |     4 |     2 |    15 |     2 |    14 |     2 ||    39
 Stab: Sleeping          |     2 |       |     5 |    11 |    76 |     4 ||    98
       Petrified         |       |     3 |     1 |       |       |       ||     4
       Paralysed         |       |     3 |     4 |       |    11 |     4 ||    22
       Confused          |       |     1 |     4 |       |     2 |     1 ||     8
       Distracted        |       |     1 |     1 |     3 |    26 |     5 ||    36
       Petrifying        |       |       |     1 |       |       |       ||     1
